 Dungeon Crawl Stone Soup version 0.28.0-53-g5a82cb258f (webtiles) character file.

Game seed: 14890102345941181654

4225 COBRA the Cleaver (level 10, -1/94 HPs)
             Began as a Hill Orc Fighter on Aug 8, 2022.
             Was a Priest of Okawaru.
             Slain by a five-headed hydra (4 damage)
             ... while petrified by a basilisk
             ... on level 1 of the Lair of Beasts.
             The game lasted 00:21:12 (5289 turns).

COBRA the Cleaver (Hill Orc Fighter)                Turns: 5289, Time: 00:21:12

Health: -1/94      AC: 17    Str: 24    XL:     10   Next: 30%
Magic:  17/17      EV:  2    Int:  8    God:    Okawaru [***...]
Gold:   463        SH:  0    Dex: 10    Spells: 9/9 levels left

rFire   . . .      SeeInvis +   a - +0 war axe (freeze)
rCold   + . .      Faith    .   c - +0 buckler
rNeg    + + +      Spirit   .   e - +1 plate armour
rPois   ∞          Reflect  +   s - +0 helmet
rElec   +          Harm     .   (no cloak)
rCorr   +          Rampage  .   (no gloves)
Will    .....                   m - +0 pair of boots
Stlth   ..........              g - amulet of reflection
HPRegen 0.25/turn               j - ring of see invisible
MPRegen 0.15/turn               p - ring "Cacen" {rElec rC+ rCorr EV+4}

@: petrified, heroic, marked
A: no striking features
a: Renounce Religion, Heroism


You were on level 1 of the Lair of Beasts.
You worshipped Okawaru.
Okawaru was most pleased with you.
You visited 3 branches of the dungeon, and saw 10 of its levels.

You collected 463 gold pieces.

Inventory:

Hand Weapons
 a - a +0 war axe of freezing (weapon)
Armour
 c - a +0 buckler (worn)
 e - a +1 plate armour (worn)
 m - a +0 pair of boots (worn)
 q - the +0 cloak of Insatiable Hunger {Contam rElec rPois rF-}
   (You found it on level 6 of the Dungeon)

   rF:        It makes you vulnerable to fire.
   rElec:     It insulates you from electricity.
   rPois:     It protects you from poison.
   Contam:    It causes magical contamination when unequipped.
 s - a +0 helmet (worn)
Jewellery
 g - an amulet of reflection (around neck)
 j - a ring of see invisible (left hand)
 p - the ring "Cacen" (right hand) {rElec rC+ rCorr EV+4}
   (You found it on level 6 of the Dungeon)

   [ring of evasion]

   EV:        It affects your evasion (+4).
   rC:        It protects you from cold.
   rElec:     It insulates you from electricity.
   rCorr:     It protects you from acid and corrosion.
Wands
 h - a wand of iceblast (7)
Scrolls
 b - a scroll of immolation
 f - 2 scrolls of enchant armour
 r - a scroll of fog
Potions
 d - 2 potions of might
 i - a potion of ambrosia {unknown}
 l - 2 potions of heal wounds {unknown}
 n - a potion of cancellation {unknown}
 o - 4 potions of curing


   Skills:
 - Level 10.5(15.5) Fighting
 - Level 12.7(17.7) Axes
 - Level 3.2(8.2) Armour
 - Level 3.2(8.2) Shields
 * Level 9.5 Invocations


You had 9 spell levels left.
You didn't know any spells.
Your spell library contained the following spells:

 Spells                   Type           Power      Damage    Failure   Level
 Shock                    Conj/Air       0%         1d3       100%        1
 Swiftness                Air            0%         N/A       100%        3
 Airstrike                Air            0%         N/A       100%        4
 Fireball                 Conj/Fire      0%         3d3       100%        5
 Starburst                Conj/Fire      0%         6d3       100%        6
 Ignition                 Fire           0%         3d3       100%        8


Dungeon Overview and Level Annotations

Branches:
Dungeon (8/15)             Temple (1/1) D:6            Lair (1/6) D:8

Altars:
Ashenzari
Cheibriados
Dithmenos
Elyvilon
Fedhas
Gozag
Kikubaaqudgha
Makhleb
Nemelex Xobeh
Okawaru
Qazlal
Ru
Sif Muna
Trog
Uskayaw
Vehumet
Wu Jian
Xom
Yredelemnul
Zin
The Shining One


Message History

The cane toad stings you! The water moccasin bites you.
The water moccasin bites you but does no damage.
The bullfrog hits you but does no damage.
The water moccasin bites you but does no damage.
The water moccasin bites you but does no damage.
The cane toad stings you but does no damage.
The water moccasin bites you but does no damage.
The bullfrog hits you but does no damage.
The cane toad stings you but does no damage.
The water moccasin bites you but does no damage. x2
The cane toad stings you but does no damage.
The water moccasin bites you but does no damage.
The bullfrog hits you but does no damage.
The water moccasin bites you.
The cane toad stings you but does no damage.
The water moccasin bites you but does no damage. x2
The cane toad stings you!
The water moccasin bites you but does no damage. x2
The cane toad stings you!
* * * LOW HITPOINT WARNING * * *
The water moccasin bites you.
* * * LOW HITPOINT WARNING * * *
The cane toad stings you but does no damage.
The five-headed hydra bites you!
* * * LOW HITPOINT WARNING * * *
The five-headed hydra bites you!
* * * LOW HITPOINT WARNING * * *
The five-headed hydra bites you but does no damage.
The five-headed hydra bites you.
* * * LOW HITPOINT WARNING * * *
The five-headed hydra bites you but does no damage.
The water moccasin bites you!
* * * LOW HITPOINT WARNING * * *
The water moccasin bites you. The cane toad stings you.
* * * LOW HITPOINT WARNING * * *
The water moccasin bites you but does no damage. x2
The cane toad stings you!
* * * LOW HITPOINT WARNING * * *
The five-headed hydra bites you!
You die...

...l.##...#.#####
......F.........(
..D.F........##
SP#P#F#.......###
..# #.###......).
....#.###l.......
.......#FFF###S..
.......FSFS# ..
###..#FD@F# .
#... #.S........
.....>..........
#######........
##....##P ..####
###


You could see a five-headed hydra, 4 cane toads, a basilisk, 3 water moccasins
and 3 bullfrogs.

Vanquished Creatures
  A cane toad (Lair:1)
  A wyvern (D:8)
  3 steam dragons
  3 water moccasins
  2 orc warriors
  3 sky beasts (D:7)
  3 ice beasts
  3 black bears
  2 necrophages
  A centaur (D:8)
  2 ogres (D:6)
  A phantom (D:5)
  8 bullfrogs
  2 scorpions
  2 water moccasin skeletons
  A howler monkey (D:7)
  A centaur zombie (D:6)
  A hound (D:5)
  3 jellies
  2 gnoll shamans
  4 orc priests
  A centaur skeleton (D:5)
  A bullfrog skeleton (D:7)
  Jessica (D:3)
  4 orc wizards
  An iguana (D:6)
  Terence (D:2)
  2 hound skeletons (D:4)
  5 adders
  9 gnolls
  2 white imps
  A worm (D:2)
  28 orcs
  5 endoplasms
  A giant cockroach (D:4)
  7 goblins
  5 hobgoblins
  6 jackals
  A quokka (D:3)
  4 ball pythons
  3 bats
  3 frilled lizards
  2 kobolds (D:2)
  3 rats
145 creatures vanquished.

Vanquished Creatures (others)
  22 fungi (D:8)
  16 plants (D:8)
38 creatures vanquished.

Grand Total: 183 creatures vanquished

Notes
Turn   | Place    | Note
-------+----------+-------------------------------------------
     0 | D:1      | COBRA the Hill Orc Fighter began the quest for the Orb.
     0 | D:1      | Reached XP level 1. HP: 19/19 MP: 1/1
    72 | D:2      | Reached skill level 3 in Axes
   290 | D:2      | Reached skill level 4 in Axes
   290 | D:2      | Reached XP level 2. HP: 26/26 MP: 2/2
   511 | D:1      | Reached XP level 3. HP: 25/31 MP: 3/3
   915 | D:3      | Reached skill level 5 in Axes
  1114 | D:3      | Noticed Jessica
  1119 | D:3      | Killed Jessica
  1120 | D:3      | Reached XP level 4. HP: 39/39 MP: 4/4
  1176 | D:4      | Noticed a black bear
  1186 | D:4      | Killed a black bear
  1187 | D:4      | Reached skill level 7 in Axes
  1187 | D:4      | Reached XP level 5. HP: 25/45 MP: 5/5
  1352 | D:4      | Found a glowing golden altar of the Shining One.
  1472 | D:5      | Entered Level 5 of the Dungeon
  1486 | D:4      | Reached skill level 8 in Axes
  1486 | D:4      | Reached XP level 6. HP: 41/51 MP: 6/6
  1615 | D:4      | Noticed a steam dragon
  1619 | D:4      | Reached skill level 9 in Axes
  1629 | D:4      | Killed a steam dragon
  1630 | D:4      | Reached skill level 10 in Axes
  1630 | D:4      | Reached XP level 7. HP: 16/57 MP: 7/7
  1923 | D:4      | Found a blossoming altar of Fedhas.
  2014 | D:3      | Found an opulent altar of Gozag.
  2119 | D:2      | Noticed Terence
  2136 | D:2      | Killed Terence
  2511 | D:5      | Reached skill level 5 in Fighting
  2634 | D:5      | Reached XP level 8. HP: 56/71 MP: 8/8
  2871 | D:6      | Identified the ring "Cacen" {rElec rC+ rCorr EV+4}
  2880 | D:6      | Identified the +0 cloak of Insatiable Hunger {Contam rElec
                  | rPois rF-}
  2937 | D:7      | Found a shadowy altar of Dithmenos.
  3064 | D:6      | Found a staircase to the Ecumenical Temple.
  3084 | Temple   | Entered the Ecumenical Temple
  3229 | Temple   | Became a worshipper of Warmaster Okawaru
  3726 | D:6      | Reached skill level 10 in Fighting
  3870 | D:6      | Found a sacrificial altar of Ru.
  3882 | D:6      | Reached XP level 9. HP: 81/86 MP: 9/9
  4136 | D:7      | Reached * piety under Okawaru
  4140 | D:7      | Reached skill level 11 in Axes
  4242 | D:7      | Reached skill level 12 in Axes
  4354 | D:7      | Found an ancient bone altar of Kikubaaqudgha.
  4838 | D:8      | Reached ** piety under Okawaru
  5020 | D:8      | Reached skill level 5 in Invocations
  5126 | D:8      | Found a staircase to the Lair.
  5135 | D:8      | Reached XP level 10. HP: 87/94 MP: 12/14
  5260 | Lair:1   | Entered Level 1 of the Lair of Beasts
  5266 | Lair:1   | Noticed a cane toad
  5267 | Lair:1   | Noticed a cane toad
  5269 | Lair:1   | Noticed a cane toad
  5272 | Lair:1   | Killed a cane toad
  5275 | Lair:1   | Reached *** piety under Okawaru
  5275 | Lair:1   | Noticed a cane toad
  5276 | Lair:1   | Noticed a five-headed hydra
  5280 | Lair:1   | Noticed a cane toad
  5289 | Lair:1   | HP: 3/94 [cane toad (7)]
  5289 | Lair:1   | Slain by a five-headed hydra

Illustrated notes

Levels and vault maps discovered:
D:1:      dpeg_arrival_central, layout_basic
D:2:      layout_basic, basic_ecumenical_altar, uniq_sigmund, uniq_terence,
          uniq_robin
D:3:      layout_basic, grunt_gozag_statues, hangedman_feature_mirror,
          item_on_display_a, uniq_jessica
D:4:      layout_loops_ring, nicolae_tso_carved_into_rock,
          kennysheep_little_box, minmay_unequal, uniq_grinder
D:5:      layout_loops_ring, uniq_edmund
D:6:      layout_loops_ring, nicolae_ru_sacrificial_ziggurat,
          minmay_temple_entry_antechambers
D:7:      layout_basic, grunt_dithmenos_smoke_and_mirrors,
          mainiacjoe_overflow_cross_hatched, minmay_misc_feat_square,
          hangedman_misty_isle
D:8:      layout_basic, due_lair_maze_entry_diamond, kennysheep_kite_vault
Temple:   regret_index_temple_generic_petals
Lair:1:   layout_misc_corridors, amcnicky_mini_pool_medium

Skill      XL: |  1  2  3  4  5  6  7  8  9 10 |
---------------+-------------------------------+-----
Axes           | 4 5 7 8 10 12 | 12.7
Fighting       | 6 10 | 10.5
Invocations    | 6 9 |  9.5
Armour         | |  3.2
Shields        | |  3.2

Action                   |  1- 3 |  4- 6 |  7- 9 | 10-12 || total
-------------------------+-------+-------+-------+-------++-------
Melee: War axe           |    67 |    70 |   298 |    21 ||   456
Invok: Heroism           |       |       |       |     1 ||     1
  Use: Scroll            |       |     3 |     6 |     2 ||    11
       Potion            |       |       |       |     1 ||     1
Armor: Scale mail        |    12 |       |       |       ||    12
       Plate armour      |    18 |    48 |   117 |    49 ||   232
Dodge: Dodged            |    25 |    19 |    48 |     7 ||    99
Block: Buckler           |    18 |    28 |   151 |     7 ||   204
       Reflection        |       |       |     1 |       ||     1
